 Dungeon Crawl Stone Soup version 0.29-a0-512-gf59ac788ac (webtiles) character file.

Game seed: 8727825111747541549

45034 NateTC the Warrior (level 14, -2/126 HPs)
             Began as a Formicid Fighter on May 29, 2022.
             Was a High Priest of Trog.
             Killed by divine providence
             ... invoked by a smoke demon
              (13 damage)
             ... on level 6 of the Lair of Beasts.
             The game lasted 01:11:55 (21378 turns).

NateTC the Warrior (Formicid Fighter)              Turns: 21378, Time: 01:11:56

Health: -2/126     AC: 23    Str: 26    XL:     14   Next: 69%
Magic:  14/14      EV:  7    Int:  8    God:    Trog [*****.]
Gold:   1238       SH: 16    Dex:  6    Spells: 13/13 levels left

rFire   + . .      SeeInvis +   a - +10 trident of Earthquakes {venom, rC++ rN++ Dex-4}
rCold   + + .      Faith    .   w - +0 kite shield
rNeg    + + .      Spirit   .   B - +5 plate armour
rPois   +          Reflect  +   (helmet unavailable)
rElec   .          Harm     .   C - scarf {repulsion}
rCorr   +          Rampage  .   f - +0 pair of gloves
Will    +++..                   E - +0 pair of boots
Stlth   ..........              k - amulet of reflection
HPRegen 1.31/turn               j - ring of flight
MPRegen 0.14/turn               t - ring "Kuntaon" {rPois rF+ rCorr Slay-2 SInv}

@: lethally poisoned (-2 -> -2), weakened, strong-willed, flying, regenerating,
studying Polearms, repel missiles
A: permanent stasis, dig shafts and tunnels, antennae 3, four strong arms
a: Dig, Shaft Self, Renounce Religion, Trog's Hand, Brothers in Arms


You were on level 6 of the Lair of Beasts.
You worshipped Trog.
Trog was extremely pleased with you.
You visited 3 branches of the dungeon, and saw 17 of its levels.
You also visited: Ossuary.

You collected 1780 gold pieces.
You spent 542 gold pieces at shops.

Inventory:

Hand Weapons
 a - the +10 trident of Earthquakes (weapon) {venom, rC++ rN++ Dex-4}
   (You found it on level 5 of the Dungeon)

   It poisons the flesh of those it strikes.
   Dex:       It affects your dexterity (-4).
   rC:        It greatly protects you from cold.
   rN:        It greatly protects you from negative energy.
 b - a +0 triple crossbow
 p - the +3 spear of the Six Ultimatums {vorpal, rF+ rCorr Str+2}
   (You bought it in a shop on level 5 of the Dungeon)

   It inflicts extra damage upon your enemies.
   Str:       It affects your strength (+2).
   rF:        It protects you from fire.
   rCorr:     It protects you from acid and corrosion.
 r - a +5 war axe of freezing
Missiles
 e - a throwing net
Armour
 f - a +0 pair of gloves (worn)
 w - a +0 kite shield (worn)
 B - a +5 plate armour (worn)
 C - a scarf of repulsion (worn)
 E - a +0 pair of boots (worn)
Jewellery
 j - a ring of flight (left hand)
 k - an amulet of reflection (around neck)
 t - the ring "Kuntaon" (right hand) {rPois rF+ rCorr Slay-2 SInv}
   (You bought it in a shop on level 2 of the Dungeon)

   [ring of resist corrosion]

   Slay:      It affects your accuracy & damage with ranged weapons and melee
   (-2).
   rF:        It protects you from fire.
   rPois:     It protects you from poison.
   SInv:      It lets you see invisible.
   rCorr:     It protects you from acid and corrosion.
Wands
 c - a wand of iceblast (3)
 y - a wand of charming (10)
 z - a wand of digging (7)
 F - a wand of acid (7)
 I - a wand of flame (12)
Scrolls
 g - a scroll of silence
 i - 2 scrolls of enchant weapon
 o - 5 scrolls of fear
 s - 3 scrolls of poison
 x - a scroll of identify
 G - a scroll of amnesia {unknown}
 K - 2 scrolls of magic mapping
 L - a scroll of fog {unknown}
Potions
 d - 2 potions of might
 h - 3 potions of resistance
 m - 3 potions of cancellation
 n - 4 potions of attraction
 q - a potion of lignification
 u - a potion of flight
 v - 2 potions of magic
 A - 5 potions of ambrosia
 D - a potion of mutation
Miscellaneous
 H - a lightning rod (3/4)


   Skills:
 - Level 16.3 Fighting
 - Level 3.7(8.6) Axes
 - Level 12.1(12.3) Polearms
 * Level 8.0 Crossbows
 - Level 11.9 Armour
 - Level 5.8 Stealth
 - Level 15.0 Shields
 - Level 7.9 Evocations


You had 13 spell levels left.
You didn't know any spells.
Your spell library contained the following spells:

 Spells                   Type           Power      Damage    Failure   Level
 Beastly Appendage        Tmut           0%         N/A       99%         1
 Necrotize                Necr           0%         1d4       99%         1
 Sandblast                Erth           0%         2d4       99%         1
 Passwall                 Tmut/Erth      0%         N/A       100%        2
 Poisonous Vapours        Pois/Air       0%         N/A       100%        2
 Wereblood                Tmut           0%         N/A       100%        2
 Spider Form              Tmut/Pois      0%         N/A       100%        3
 Stone Arrow              Conj/Erth      0%         3d7       100%        3
 Vampiric Draining        Necr           0%         2d6       100%        3
 Corpse Rot               Necr/Pois/Air  0%         N/A       100%        4
 Agony                    Necr           0%         N/A       100%        5


Dungeon Overview and Level Annotations

Branches:
Dungeon (10/15)            Temple (1/1) D:6            Lair (6/6) D:9
  Swamp (0/4) Lair:2        Snake (0/4) Lair:2        Slime (0/5) Lair:5
    Orc (0/2) D:9         Ossuary (visited)

Altars:
Ashenzari
Cheibriados
Dithmenos
Elyvilon
Fedhas
Gozag
Hepliaklqana
Kikubaaqudgha
Makhleb
Nemelex Xobeh
Okawaru
Qazlal
Ru
Sif Muna
Trog
Uskayaw
Vehumet
Wu Jian
Xom
Yredelemnul
Zin
The Shining One

Shops:
D:1 (   D:2 (=(   D:4 *[   D:5 (

Annotations:
D:5 2 transporters


Innate Abilities, Weirdness & Mutations

You cannot be hasted, slowed, berserked, paralysed or teleported.
You can dig through walls and to a lower floor.
You have a pair of large antennae on your head. (SInv)
Your four strong arms can wield two-handed weapons with a shield.


Message History

You reach to attack!
You closely miss the orange demon.
The orange demon is heavily wounded.
You feel sick.
Reach: a) +10 trident of Earthquakes {venom, rC++ rN++ Dex-4}
Press: ? - help, Dir - move target, f/p - orange demon
Aim: an orange demon (heavily wounded, about 19% to evade the +10 trident of Earthquakes)
You reach to attack!
You barely miss the orange demon.
The orange demon is heavily wounded.
You feel sick. The orange demon stings you from afar.
* * * LOW HITPOINT WARNING * * *
Reach: a) +10 trident of Earthquakes {venom, rC++ rN++ Dex-4}
Press: ? - help, Dir - move target, f/p - orange demon
Aim: an orange demon (heavily wounded, about 19% to evade the +10 trident of Earthquakes)
You reach to attack!
You impale the orange demon!!
The orange demon is poisoned.
The orange demon is almost dead.
You feel sick.
Reach: a) +10 trident of Earthquakes {venom, rC++ rN++ Dex-4}
Press: ? - help, Dir - move target, f/p - orange demon
Aim: an orange demon (almost dead, very poisoned, about 19% to evade the +10 trident of Earthquakes)
You reach to attack!
You hit the orange demon.
The orange demon is almost dead.
You feel sick.
You kill the orange demon!
Trog accepts your kill.
Okay, then.
Okay, then.
Aiming: Thunderbolt
Press: ? - help, Shift-Dir - straight line, f - hell hound
Aim: a hell hound The thunderbolt hits the hell hound!
The hell hound is heavily wounded.
You carefully extract the barbed spikes from your body.
You feel sick. You block the hell hound's attack.
You hit the hell hound.
The hell hound is poisoned.
The hell hound is heavily wounded.
You feel sick. The smoke demon gestures at you. Something smites you!
You die...

## §≈≈ ≈≈≈≈#############
≈≈.....#........#
{{......3#..8.8...#
{{{.._..{.h.).#.8..# ♣. {{
.....{{#h.#.8...# ♣.
{.......#@..8.#..# ♣
##############..8.#...#
.............'...8.8..#
....8....8...#........#
.............#########+♣♣♣♣♣
#####''###### ♣♣♣P♣♣.♣♣
♣....♣ ♣♣♣....†..♣♣ ♣...♣♣
♣♣♣....♣♣♣...♣♣ ♣♣♣..♣♣♣
♣♣...♣♣♣♣ ♣♣♣♣..


You could see a smoke demon and 2 hell hounds.

Vanquished Creatures
  Nessos (Lair:4)
  4 hydras
  Fannar (Lair:2)
  A boulder beetle (D:10)
  2 catoblepae (Lair:6)
  A two-headed ogre (D:10)
  A sun demon (Lair:6)
  4 lindwurms
  A wizard (Lair:6)
  Pikel (D:7)
  6 elephants
  2 torpor snails
  4 black mambas
  An eye of devastation (Lair:5)
  2 orange demons (Lair:6)
  15 cane toads
  7 komodo dragons
  5 rime drakes
  2 ice devils (Lair:6)
  A troll (D:9)
  A queen bee (D:9)
  A polar bear (Lair:5)
  17 blink frogs
  6 dream sheep
  A shadow (D:9)
  A vampire (D:10)
  3 wyverns
  52 yaks
  A steam dragon (D:9)
  5 basilisks
  20 water moccasins
  A floating eye (Lair:5)
  2 orc warriors (D:10)
  A sky beast (D:8)
  2 black bears
  5 ice beasts
  21 wolves
  An ogre (D:6)
  A centaur (D:10)
  A phantom (D:7)
  2 kobold brigands
  3 necrophages
  A gnoll sergeant (D:7)
  8 bullfrogs
  6 scorpions
  8 wights (D:7)
  25 killer bees
  An electric eel (D:9)
  5 howler monkeys
  9 orc priests
  13 hounds
  A jelly (D:4)
  4 iguanas
  9 orc wizards
  A mummy (Ossuary)
  8 gnolls
  7 adders
  2 white imps
  An ufetubus (D:4)
  2 dart slugs
  39 orcs
  2 spectral bats (Ossuary)
  A ball python (D:4)
  6 bats
  11 endoplasms
  2 giant cockroaches
  12 gnoll zombies (Ossuary)
  5 hobgoblins
  10 jackals
  11 kobolds
  A quokka (D:4)
  2 bat simulacra (Ossuary)
  4 frilled lizards
  3 goblins
  A goblin simulacrum (Ossuary)
  5 goblin zombies (Ossuary)
  6 hobgoblin zombies (Ossuary)
  5 kobold simulacra (Ossuary)
  A kobold zombie (Ossuary)
  6 orc zombies (Ossuary)
  5 rats
  A rat simulacrum (Ossuary)
  A spectral goblin (Ossuary)
  4 spectral kobolds (Ossuary)
  3 spectral rats (Ossuary)
468 creatures vanquished.

Vanquished Creatures (others)
  A yak (Lair:3)
  A kobold (D:9)
  14 fungi
  28 plants
44 creatures vanquished.

Grand Total: 512 creatures vanquished

Notes
Turn   | Place    | Note
-------+----------+-------------------------------------------
     0 | D:1      | NateTC the Formicid Fighter began the quest for the Orb.
     0 | D:1      | Reached XP level 1. HP: 18/18 MP: 1/1
   198 | D:1      | You fall into a shaft and drop 1 floor!
   250 | D:2      | Reached XP level 2. HP: 24/24 MP: 2/2
   292 | D:2      | Found a faded altar of an unknown god.
   332 | D:1      | Found Jolaeh Kyigu's Weapon Emporium.
   399 | D:1      | Reached XP level 3. HP: 29/29 MP: 3/3
  1106 | D:2      | Found Houhos's Antique Weapon Boutique.
  1471 | D:2      | Reached skill level 4 in Fighting
  1471 | D:2      | Reached XP level 4. HP: 32/37 MP: 4/4
  1851 | D:2      | Found Wiruipufie's Antique Weapon Boutique.
  2140 | D:2      | Found Riomn's Jewellery Emporium.
  2572 | D:3      | Reached XP level 5. HP: 37/43 MP: 5/5
  2578 | D:3      | Reached skill level 5 in Fighting
  3524 | D:3      | Identified a scroll of acquirement
  3524 | D:3      | Acquired a manual of Polearms
  3566 | D:4      | Found Tyhaul's Armour Emporium.
  3586 | D:4      | Noticed a black bear
  3587 | D:4      | Reached XP level 6. HP: 51/51 MP: 6/6
  3597 | D:4      | Killed a black bear
  3598 | D:4      | Reached skill level 5 in Polearms
  3995 | D:4      | Found Zin's Purification Station.
  3997 | D:4      | Found a glowing silver altar of Zin.
  4020 | D:4      | Reached XP level 7. HP: 56/56 MP: 7/7
  4024 | D:4      | Found a snail-covered altar of Cheibriados.
  4025 | D:4      | Found an opulent altar of Gozag.
  4092 | D:4      | Reached skill level 5 in Armour
  4333 | D:4      | Found a stormy altar of Qazlal.
  4717 | D:5      | Entered Level 5 of the Dungeon
  4768 | D:5      | Reached skill level 6 in Fighting
  4830 | D:5      | Found a transporter.
  4934 | D:5      | Reached XP level 8. HP: 62/65 MP: 8/8
  5030 | D:5      | Found a sand-covered staircase.
  5035 | Ossuary  | Entered an ossuary
  5077 | Ossuary  | Reached skill level 1 in Axes
  5402 | D:5      | Found a transporter.
  5779 | D:5      | Found Bastoeq's Antique Weapon Emporium.
  5984 | D:5      | Identified the +10 trident of Earthquakes {venom, rC++ rN++
                  | Dex-4}
  6090 | D:5      | Bought a jewelled spear for 168 gold pieces
  6090 | D:5      | Identified the +3 spear of the Six Ultimatums {vorpal, rF+
                  | rCorr Str+2} (You bought it in a shop on level 5 of the
                  | Dungeon)
  6174 | D:6      | Found a staircase to the Ecumenical Temple.
  6182 | Temple   | Entered the Ecumenical Temple
  6280 | Temple   | Became a worshipper of Trog the Wrathful
  6531 | D:6      | Acquired 579 gold pieces
  6651 | D:2      | Bought the ring "Kuntaon" {rPois rF+ rCorr Slay-2 SInv} for
                  | 374 gold pieces
  7085 | D:6      | Reached XP level 9. HP: 71/71 MP: 9/9
  7192 | D:6      | Reached skill level 7 in Fighting
  7245 | D:6      | Reached skill level 8 in Fighting
  7591 | D:7      | Noticed Pikel
  7601 | D:7      | Killed Pikel
  7602 | D:7      | Reached skill level 9 in Fighting
  7602 | D:7      | Reached skill level 10 in Polearms
  7731 | D:7      | Reached * piety under Trog
  7932 | D:7      | Reached XP level 10. HP: 76/83 MP: 10/10
  7992 | D:7      | Found a burning altar of Makhleb.
  7992 | D:7      | Noticed a cacodemon
  8158 | D:8      | Reached skill level 5 in Shields
  9194 | D:9      | Reached skill level 1 in Crossbows
  9205 | D:9      | Found a staircase to the Orcish Mines.
  9260 | D:9      | Reached ** piety under Trog
  9469 | D:9      | Found a staircase to the Lair.
  9823 | D:9      | Reached XP level 11. HP: 79/89 MP: 11/11
 10682 | D:10     | Entered Level 10 of the Dungeon
 10689 | D:10     | Noticed a two-headed ogre
 10695 | D:10     | Killed a two-headed ogre
 10696 | D:10     | Reached skill level 10 in Armour
 11089 | D:10     | Found a shimmering blue altar of Sif Muna.
 11258 | D:10     | Reached *** piety under Trog
 11604 | D:10     | Noticed a boulder beetle
 11616 | D:10     | Killed a boulder beetle
 12072 | Lair:1   | Entered Level 1 of the Lair of Beasts
 12521 | Lair:1   | Acquired a manual of Fighting
 12661 | Lair:1   | Reached skill level 10 in Fighting
 12687 | Lair:1   | Reached skill level 11 in Fighting
 13182 | Lair:2   | Reached XP level 12. HP: 100/100 MP: 12/12
 13274 | Lair:2   | Reached skill level 12 in Fighting
 13316 | Lair:2   | Reached skill level 13 in Fighting
 13316 | Lair:2   | Reached skill level 1 in Evocations
 13506 | Lair:2   | Found a staircase to the Snake Pit.
 13648 | Lair:2   | Noticed Fannar
 13675 | Lair:2   | Killed Fannar
 13675 | Lair:2   | Reached **** piety under Trog
 13861 | Lair:2   | Found a staircase to the Swamp.
 14380 | Lair:3   | Reached skill level 5 in Evocations
 14618 | Lair:3   | Reached skill level 14 in Fighting
 15436 | Lair:4   | Noticed Nessos
 15632 | Lair:4   | Killed Nessos
 15633 | Lair:4   | Reached XP level 13. HP: 106/114 MP: 13/13
 15738 | Lair:4   | Reached skill level 10 in Shields
 15870 | Lair:3   | Reached ***** piety under Trog
 17167 | Lair:4   | HP: 5/114 [elephant (10)]
 17168 | Lair:4   | HP: 1/114 [elephant (13)]
 17175 | Lair:4   | HP: 1/114 [elephant (12)]
 17459 | Lair:4   | You are sucked into a shaft and drop 1 floor!
 17599 | Lair:5   | Noticed a four-headed hydra
 17599 | Lair:5   | Noticed a five-headed hydra
 17609 | Lair:5   | Killed a four-headed hydra
 17618 | Lair:5   | Killed a five-headed hydra
 17803 | Lair:5   | Reached skill level 15 in Shields
 17967 | Lair:5   | Reached skill level 15 in Fighting
 18161 | Lair:5   | Found a staircase to the Slime Pits.
 18864 | Lair:4   | Reached skill level 16 in Fighting
 18885 | Lair:6   | Entered Level 6 of the Lair of Beasts
 18885 | Lair:6   | Noticed an eight-headed hydra
 18903 | Lair:5   | Killed an eight-headed hydra
 18904 | Lair:5   | Reached XP level 14. HP: 18/125 MP: 14/14
 19455 | Lair:5   | Reached skill level 1 in Stealth
 19611 | Lair:6   | Reached skill level 5 in Stealth
 20155 | Lair:6   | Reached skill level 5 in Crossbows
 21329 | Lair:6   | Found a burning altar of Makhleb.
 21378 | Lair:6   | Killed from afar by a smoke demon

Illustrated notes

Levels and vault maps discovered:
D:1:      scummos_arrival_simple_crosswalls, layout_basic, serial_shops,
          nicolae_shop_statue_plus, minmay_misc_feat_ornament
D:2:      layout_loops_corners, serial_shops, nicolae_shop_stone, shop, shop,
          hellmonk_ecumenical_altar_slurped_away, palyth_stone_intersect,
          bh_walls_and_bars
D:3:      layout_loops_corners
D:4:      layout_layer_cave, mainiacjoe_overflow_brackets,
          mainiacjoe_overflow_divided_tiny, zin_purify, nicolae_stop_n_shop_2,
          grunt_ministairs_12
D:5:      gammafunk_wand_slinger, layout_loops_corners, enter_ossuary_2,
          serial_shops, nicolae_shop_behind_doors, serial_bayou,
          serial_bayou_pond_a, serial_bayou_pond_a, serial_bayou_pond_c,
          serial_bayou_pond_e
D:6:      layout_loops_ring, minmay_temple_entry_butterflies, grunt_tough_drop
D:7:      layout_cave_pools, makhleb_altar_promises_db, uniq_pikel
D:8:      layout_basic
D:9:      layout_basic, erik_lair_island, special_room [special_room_bee]
D:10:     layout_loops_cross, lemuel_blue_sif_altar
Temple:   lightli_temple_of_artemis
Lair:1:   layout_cave_pods
Lair:2:   layout_roguey, minmay_swamp_entry_worms, guppyfry_snake_entry_island,
          nicolae_lair_lindhole, infiniplex_staircase_pool_2, uniq_fannar
Lair:3:   layout_gridlike, grunt_megastairs_5
Lair:4:   layout_gridlike, uniq_nessos
Lair:5:   layout_gridlike, minmay_slime_entry_eyes, minmay_shattered_shrine,
          grunt_megastairs_4
Lair:6:   evil_forest, layout_cave_pods

Skill      XL: |  1  2  3  4  5  6  7  8  9 10 11 12 13 14 |
---------------+-------------------------------------------+-----
Polearms       | 3 4 5 8 12 | 12.1
Fighting       | 4 5 6 9 11 14 16 | 16.3
Armour         | 4 5 8 11 | 11.9
Axes           | 3 |  3.7
Shields        | 9 15 | 15.0
Crossbows      | 2 8 |  8.0
Evocations     | 7 |  7.9
Stealth        | 5 |  5.8

Action                   |  1- 3 |  4- 6 |  7- 9 | 10-12 | 13-15 || total
-------------------------+-------+-------+-------+-------+-------++-------
Melee: Trident           |    44 |     6 |   117 |   617 |   611 ||  1395
       War axe           |    15 |    75 |   169 |       |       ||   259
 Fire: Hand crossbow     |       |     7 |     2 |    35 |       ||    44
       Triple crossbow   |       |       |       |       |     9 ||     9
Invok: Trog's Hand       |       |       |       |       |     3 ||     3
 Abil: Dig               |       |       |     1 |     1 |     1 ||     3
       Shaft Self        |       |       |       |       |     1 ||     1
Evoke: Wand              |       |       |       |     1 |       ||     1
       Lightning rod     |       |       |       |       |     1 ||     1
  Use: Scroll            |     2 |     2 |    11 |    13 |     6 ||    34
       Potion            |       |       |       |     4 |    12 ||    16
Armor: Scale mail        |    19 |     2 |       |       |       ||    21
       Chain mail        |       |    27 |    86 |       |       ||   113
       Plate armour      |       |       |       |   245 |   342 ||   587
Dodge: Dodged            |    25 |    32 |    64 |   108 |   119 ||   348
       Repelled          |       |       |       |     3 |     2 ||     5
Block: Buckler           |    20 |    54 |   112 |       |       ||   186
       Kite shield       |       |       |     5 |   417 |   464 ||   886
       Reflection        |       |       |       |    15 |     1 ||    16

Table legend: (Time is in decaauts)
 A = Elapsed time spent in this place.
 B = Non-inter-level travel time spent in this place.
 C = Inter-level travel time spent in this place.
 D = Time resting spent in this place.
 E = Time spent auto-exploring this place.
 F = Levels seen in this place.
 G = Mean time per level.
                   A        B        C        D        E       F      G
               +--------+--------+--------+--------+--------+-----+--------+
         Total |  21230 |  19977 |   1253 |   6533 |   4899 |  18 | 1179.4 |
       Dungeon |  11649 |  10583 |   1066 |   2765 |   2803 |  10 | 1164.9 |
        Temple |    114 |     93 |     21 |      0 |     83 |   1 |  114.0 |
          Lair |   9100 |   8934 |    166 |   3768 |   2009 |   6 | 1516.7 |
       Ossuary |    365 |    365 |      0 |      0 |      4 |   1 |  365.0 |
               +--------+--------+--------+--------+--------+-----+--------+

Top non-repeatable levels by time:
  Lair:5: 2077 daAuts
  Lair:6: 1744 daAuts
  Lair:3: 1672 daAuts
  Lair:4: 1387 daAuts
     D:4: 1358 daAuts
    D:10: 1347 daAuts
     D:2: 1327 daAuts
     D:5: 1257 daAuts
     D:3: 1199 daAuts
     D:9: 1178 daAuts
     D:1: 1172 daAuts
  Lair:2: 1151 daAuts
     D:6: 1103 daAuts
  Lair:1: 1067 daAuts
     D:8: 1030 daAuts
